 Dungeon Crawl Stone Soup version 0.28-a0-823-gb444dcf96d (webtiles) character file.

Game seed: 8887428571017350284

3072 HuGe the Cleaver (level 9, -2/62 HPs)
             Began as an Octopode Brigand on Nov 9, 2021.
             Engulfed by a steam dragon's steam (6 damage)
             ... on level 7 of the Dungeon.
             The game lasted 00:27:26 (12764 turns).

HuGe the Cleaver (Octopode Brigand)                Turns: 12764, Time: 00:27:27

Health: -2/62      AC:  9    Str: 13    XL:     9   Next: 88%
Magic:  9/9        EV: 17    Int: 13    God:
Gold:   143        SH:  0    Dex: 29    Spells: 8/8 levels left

rFire   . . .      SeeInvis +   q - +2 war axe (vorpal)
rCold   + . .      Faith    .   (no shield)
rNeg    . . .      Spirit   .   (helmet restricted)
rPois   +          Reflect  .   (no amulet)
rElec   +          Harm     .   g - +4 ring of protection
rCorr   .          Rampage  .   l - +6 ring of dexterity
Will    .....                   p - ring of Panentheism {rElec rPois rC+ Dex+3 SInv}
Stlth   ++++++....              w - +4 ring of protection
HPRegen 0.20/turn               u - +6 ring of dexterity
MPRegen 0.11/turn               (no ring)
                                (no ring)
                                (no ring)

@: studying Summonings
A: almost no armour, amphibious, 8 rings, camouflage 1, gelatinous body 1,
(nimble swimmer 1), tentacles
a: no special abilities


You were on level 7 of the Dungeon.
You visited 1 branch of the dungeon, and saw 7 of its levels.
You also visited: Sewer.

You collected 1297 gold pieces.
You spent 1154 gold pieces at shops.

Inventory:

Hand Weapons
 q - a +2 vorpal war axe (weapon)
 z - a +3 flail of protection
Missiles
 b - 5 poisoned darts (quivered)
 c - 2 curare-tipped darts
 n - 15 bolts
Magical Staves
 d - a staff of death
 s - a staff of air
Jewellery
 g - a +4 ring of protection (left tentacle)
 l - a +6 ring of dexterity (right tentacle)
 p - the ring of Panentheism (on tentacle) {rElec rPois rC+ Dex+3 SInv}
   (You bought it in a shop on level 3 of the Dungeon)

   [ring of see invisible]

   Dex:       It affects your dexterity (+3).
   rC:        It protects you from cold.
   rElec:     It insulates you from electricity.
   rPois:     It protects you from poison.
   SInv:      It lets you see invisible.
 u - a +6 ring of dexterity (on tentacle)
 w - a +4 ring of protection (on tentacle)
Wands
 x - a wand of paralysis (15)
Scrolls
 a - 4 scrolls of identify
 i - 5 scrolls of teleportation
 m - a scroll of brand weapon {unknown}
 y - 5 scrolls of enchant armour
 B - a scroll of fear
 D - a scroll of magic mapping {unknown}
Potions
 e - a potion of invisibility
 f - 3 potions of cancellation
 h - 4 potions of curing
 j - 2 potions of magic {unknown}
 k - a potion of flight {unknown}
 o - a potion of ambrosia
 r - a potion of heal wounds
 t - 2 potions of brilliance
 v - 2 potions of might {unknown}
 A - a potion of resistance
 C - a potion of mutation {unknown}
 E - a potion of haste {unknown}


   Skills:
 + Level 5.7 Fighting
 + Level 2.0 Short Blades
 + Level 9.5 Axes
 + Level 1.4 Staves
 + Level 2.8 Throwing
 + Level 4.5 Dodging
 + Level 9.5 Stealth


You had 8 spell levels left.
You didn't know any spells.
Your spell library contained the following spells:

 Spells                   Type           Power      Damage    Failure   Level
 Hailstorm                Conj/Ice       0%         3d3       97%         4
 Ice Form                 Ice/Tmut       0%         N/A       97%         4
 Simulacrum               Ice/Necr       0%         N/A       100%        6


Dungeon Overview and Level Annotations

Branches:
Dungeon (7/15)             Temple (0/1) D:6           Sewer (visited)

Altars:
Elyvilon
Fedhas
Makhleb
Nemelex Xobeh
Okawaru
Qazlal
Vehumet
Wu Jian
Zin

Shops:
D:3 =**!(   D:4 (   D:7 =

Annotations:
D:4 2 transporters, quinnr's ghost, amateur DDEE


Innate Abilities, Weirdness & Mutations

You cannot wear most types of armour.
You are amphibious.
You can wear up to eight rings at the same time.
Your skin changes colour to match your surroundings (Stealth+).
Your rubbery body absorbs attacks. (AC +1, EV +1)
((You are camouflaged near water. (Stealth+)))
You have tentacles for arms and can constrict up to eight enemies at once.


Message History

The steam dragon scales are intact enough to wear.
You are engulfed in a cloud of scalding steam.
A bullfrog comes into view.
The orc is engulfed in a cloud of scalding steam.
The orc hits you but does no damage. The steam dragon breathes steam at you.
The ball of steam hits you!
* * * LOW HITPOINT WARNING * * *
Things that are here:
+0 steam dragon scales; a steam dragon corpse You feel much better.
You are engulfed in a cloud of scalding steam.
The orc warrior hits you with a +1 vampiric battleaxe!
* * * LOW HITPOINT WARNING * * *
The orc is engulfed in a cloud of scalding steam.
The orc dies!
You feel much better.
The bullfrog is engulfed in a cloud of scalding steam.
You hit the steam dragon but do no damage.
You squeeze the steam dragon, but do no damage.
The steam dragon barely misses you. x2; The orc warrior misses you.
You barely miss the steam dragon.
You hit the orc warrior but do no damage.
The steam dragon completely misses you. The steam dragon misses you.
The orc warrior barely misses you.
You slash the steam dragon!
The steam dragon is heavily wounded.
You completely miss the orc warrior.
The orc warrior hits you with a +1 vampiric battleaxe!
The steam dragon breathes steam at you. The ball of steam hits you!
* * * LOW HITPOINT WARNING * * *
You are engulfed in a cloud of scalding steam.
* * * LOW HITPOINT WARNING * * *
The orc warrior is engulfed in a cloud of scalding steam.
You closely miss the orc warrior. You grab the orc warrior.
The orc warrior is moderately wounded.
You hit the steam dragon but do no damage.
You are engulfed in a cloud of scalding steam.
You die...

.###.## ##.....#.#
......###.......##
.#........##.....##
.##...########....######
.##...# ###........
.##...# #........
.#...)# ##§.....<.
.#...### #.........
##.....## #.@.......
........## #§oD......
.........# #o§##.....
..........# #)[# #....
........... #.F.......
...(.###... ...........
......# ##.........####.
...#..# #........##
..##..# #.......##


You could see a steam dragon, an orc warrior and an orc.

Vanquished Creatures
  Pikel (D:5)
  Grinder (D:5)
  Sigmund (D:4)
  A steam dragon (D:7)
  Edmund (D:5)
  2 water moccasins (D:6)
  A sky beast (D:6)
  An orc warrior (D:6)
  2 ice beasts
  3 ogres
  4 lemures (D:5)
  2 necrophages
  A phantom (D:6)
  2 bullfrogs (Sewer)
  A water moccasin skeleton (D:6)
  2 howler monkeys (D:5)
  2 jellies
  3 hounds
  3 orc priests
  An iguana (D:6)
  A bullfrog skeleton (D:5)
  A scorpion zombie (D:5)
  2 orc wizards
  A hound skeleton (D:5)
  2 gnolls
  15 adders
  5 river rats (Sewer)
  A shadow imp (D:6)
  A white imp (D:5)
  An ufetubus (D:5)
  3 worms
  A dart slug (D:1)
  11 orcs
  9 endoplasms
  4 giant cockroaches
  7 goblins
  8 hobgoblins
  2 quokkas (D:3)
  19 ball pythons
  6 bats
  4 frilled lizards
  5 kobolds
  25 rats
169 creatures vanquished.

Vanquished Creatures (others)
  2 orcs (D:7)
2 creatures vanquished.

Grand Total: 171 creatures vanquished

Notes
Turn   | Place    | Note
-------+----------+-------------------------------------------
     0 | D:1      | HuGe the Octopode Brigand began the quest for the Orb.
     0 | D:1      | Reached XP level 1. HP: 14/14 MP: 1/1
   155 | D:1      | Reached XP level 2. HP: 15/19 MP: 2/2
   225 | D:1      | Found a faded altar of an unknown god.
   671 | D:1      | Reached XP level 3. HP: 20/24 MP: 3/3
  1608 | D:2      | Found a radiant altar of Vehumet.
  1658 | D:2      | Identified a scroll of acquirement
  1658 | D:2      | Acquired 931 gold pieces
  1779 | D:2      | Reached XP level 4. HP: 18/29 MP: 4/4
  2522 | D:2      | Reached skill level 1 in Staves
  3790 | D:3      | Found Punot's General Store.
  3807 | D:3      | Found Bimulymo's Jewellery Boutique.
  3812 | D:3      | Bought the ring of Panentheism {rElec rPois rC+ Dex+3 SInv}
                  | for 511 gold pieces
  3902 | D:3      | Found Ivaweage's Assorted Antiques.
  3928 | D:3      | Found Moisyshe's Distillery.
  3986 | D:3      | Found Boef's Weapon Shoppe.
  4212 | D:3      | Found a glowing drain.
  4216 | D:3      | Reached XP level 5. HP: 35/35 MP: 5/5
  4223 | Sewer    | Entered a sewer
  4740 | Sewer    | Reached skill level 1 in Axes
  4893 | Sewer    | Reached XP level 6. HP: 6/41 MP: 6/6
  6221 | D:4      | Noticed a necrophage
  6229 | D:4      | Killed a necrophage
  6230 | D:4      | Reached XP level 7. HP: 30/46 MP: 7/7
  6483 | D:4      | Found Adae's Antique Weapon Emporium.
  6541 | D:4      | Found a transporter.
  6544 | D:4      | Noticed quinnr's ghost (amateur DDEE)
  6937 | D:4      | Noticed Sigmund
  6946 | D:4      | Killed Sigmund
  7190 | D:4      | Found a transporter.
  7392 | D:5      | Entered Level 5 of the Dungeon
  7408 | D:5      | Reached skill level 5 in Axes
  7411 | D:5      | Reached XP level 8. HP: 9/52 MP: 8/8
  7987 | D:5      | Noticed Edmund
  8000 | D:5      | Killed Edmund
  8650 | D:5      | HP: 2/54 [howler monkey (5)]
  9272 | D:5      | Noticed Grinder
  9273 | D:5      | Noticed Pikel
  9341 | D:5      | Killed Grinder
  9899 | D:5      | Killed Pikel
  9900 | D:5      | Reached XP level 9. HP: 19/60 MP: 9/9
 10747 | D:6      | Found a staircase to the Ecumenical Temple.
 10768 | D:6      | Reached skill level 5 in Fighting
 10816 | D:6      | Found an ornate altar of the Wu Jian Council.
 10820 | D:6      | Found a white marble altar of Elyvilon.
 10828 | D:6      | Found a blossoming altar of Fedhas.
 10828 | D:6      | Found an iron altar of Okawaru.
 10828 | D:6      | Found a glowing silver altar of Zin.
 10829 | D:6      | Found a burning altar of Makhleb.
 10830 | D:6      | Found a stormy altar of Qazlal.
 10831 | D:6      | Found a sparkling altar of Nemelex Xobeh.
 11969 | D:3      | Bought a +6 ring of dexterity for 643 gold pieces
 12651 | D:7      | Found Viucai Beymm's Jewellery Boutique.
 12764 | D:7      | Engulfed by a steam dragon's steam

Illustrated notes

Levels and vault maps discovered:
D:1:      minmay_arrival_shattered_statue, layout_loops_corners,
          chequers_ecumenical_altar_simple
D:2:      layout_loops_ring, basic_altar, minmay_mini_jars
D:3:      layout_loops_ring, serial_shops, shop, shop,
          nicolae_shop_behind_doors, nicolae_shop_stone, shop,
          portal_sewer_entry_d
D:4:      layout_loops_corners, serial_shops, nicolae_diamond_shop,
          gammafunk_ghost_mausoleum, minmay_manual_monstrance, uniq_sigmund
D:5:      minmay_thick_lines, layout_loops_ring, uniq_grinder, uniq_pikel,
          uniq_edmund
D:6:      layout_rooms, minitemple, temple_fountains, hangedman_decor_push
D:7:      layout_layer_cave, serial_shops, nicolae_stop_n_shop_2, minivault_25

Skill      XL: |  1  2  3  4  5  6  7  8  9 |
---------------+----------------------------+-----
Stealth        | 6 7 8 9 |  9.5
Staves         | 1 |  1.4
Axes           | 1 3 5 8 9 |  9.5
Dodging        | 2 4 |  4.5
Fighting       | 3 4 5 |  5.7
Short Blades   | |  2.0
Throwing       | |  2.8

Action                   |  1- 3 |  4- 6 |  7- 9 || total
-------------------------+-------+-------+-------++-------
Melee: Staff             |    44 |    39 |       ||    83
       Dagger            |     2 |       |       ||     2
       Constrict         |    13 |    28 |    38 ||    79
       Tentacles         |     9 |    31 |    52 ||    92
       War axe           |       |    71 |   178 ||   249
Throw: Dart              |    25 |     4 |       ||    29
  Use: Scroll            |     2 |     9 |     2 ||    13
       Potion            |       |     6 |     4 ||    10
 Stab: Sleeping          |     2 |    17 |     6 ||    25
Armor: Skin              |    18 |    47 |    38 ||   103
Dodge: Dodged            |    30 |   134 |   126 ||   290

Table legend: (Time is in decaauts)
 A = Elapsed time spent in this place.
 B = Non-inter-level travel time spent in this place.
 C = Inter-level travel time spent in this place.
 D = Time resting spent in this place.
 E = Time spent auto-exploring this place.
 F = Levels seen in this place.
 G = Mean time per level.
                   A        B        C        D        E       F      G
               +--------+--------+--------+--------+--------+-----+--------+
         Total |  12829 |  12829 |      0 |   5949 |   4216 |   8 | 1603.6 |
       Dungeon |  11028 |  11028 |      0 |   4637 |   4048 |   7 | 1575.4 |
         Sewer |   1800 |   1800 |      0 |   1312 |    168 |   1 | 1800.0 |
               +--------+--------+--------+--------+--------+-----+--------+

Top non-repeatable levels by time:
     D:5: 3430 daAuts
     D:2: 2071 daAuts
   Sewer: 1800 daAuts
     D:6: 1618 daAuts
     D:1: 1465 daAuts
     D:4: 1433 daAuts
     D:3: 897 daAuts
     D:7: 113 daAuts
